 Dungeon Crawl Stone Soup version 0.29-a0-925-g0a7a3d12f8 (webtiles) character file.

Game seed: 3324934195540188814

17 Newt the Gusty (level 2, -1/21 HPs)
             Began as a Vine Stalker Air Elementalist on July 29, 2022.
             Slain by an ogre
             ... wielding a +0 giant spiked club
              (11 damage)
             ... on level 4 of the Dungeon.
             The game lasted 00:02:59 (1534 turns).

Newt the Gusty (Vine Stalker Air Elementalist)      Turns: 1534, Time: 00:02:59

Health: -1/21      AC: 21    Str: 10    XL:     2   Next: 62%
Magic:  0/6        EV:  2    Int: 15    God:
Gold:   66         SH:  0    Dex: 14    Spells: 4/5 levels left

rFire   + . .      SeeInvis .   g - staff of fire
rCold   . . .      Faith    .   (no shield)
rNeg    . . .      Spirit   +   (body armour currently unavailable)
rPois   +          Reflect  .   (helmet currently unavailable)
rElec   .          Harm     .   (cloak currently unavailable)
rCorr   .          Rampage  .   (gloves currently unavailable)
Will    .....      NoTele   +   (boots currently unavailable)
Stlth   ++........              (no amulet)
HPRegen 0.07/turn               (no ring)
MPRegen 0.10/turn               (no ring)

@: tree-form, attractive, hasted, very quick
A: stationary, stasis, torment immunity, boosted hp, (fangs 2), magic shield,
(antimagic bite), no potion heal 2
a: no special abilities


You were on level 4 of the Dungeon.
You were a tree.
You visited 1 branch of the dungeon, and saw 4 of its levels.

You collected 66 gold pieces.

Inventory:

Armour
 a - a +0 robe (melded)
 j - a +0 pair of gloves (melded)
Magical Staves
 g - a staff of fire (weapon)
Potions
 d - a potion of degeneration
 i - a potion of heal wounds {unknown}


   Skills:
 * Level 0.6 Fighting
 * Level 0.1 Staves
 + Level 1.6 Dodging
 - Level 2.4 Stealth
 + Level 0.4 Unarmed Combat
 + Level 2.4 Spellcasting
 + Level 1.0 Conjurations
 * Level 0.6 Fire Magic
 + Level 3.2 Air Magic


You had 4 spell levels left.
You knew the following spells:

 Your Spells              Type           Power      Damage    Failure   Level
a - Shock                 Conj/Air       32%        1d5       9%          1

Your spell library contained the following spells:

 Spells                   Type           Power      Damage    Failure   Level
 Static Discharge         Conj/Air       8%         3-4/arc   14%         2
 Swiftness                Air            11%        N/A       17%         3
 Airstrike                Air            5%         0-3+      50%         4
 Borgnjor's Revivificati  Necr           0%         N/A       100%        8
 Necromutation            Tmut/Necr      0%         N/A       100%        8
 Death's Door             Necr           0%         N/A       100%        9


Dungeon Overview and Level Annotations

Branches:
Dungeon (5/15)
 Temple: D:4-7

Altars:

Annotations:
D:2 Sigmund
D:5 Blork the orc


Innate Abilities, Weirdness & Mutations

You are a tree.
Your roots penetrate the ground, keeping you stationary.
You cannot be teleported.
You are immune to unholy pain and torment.
Your maximum health is greatly increased.
Your equipment is partially melded.
((You have extremely sharp teeth.))
When hurt, damage is shared between your health and your magic reserves.
((Your bite disrupts and absorbs the magic of your enemies.))
Potions cannot restore your health.


Message History

Aim: an ogre, wielding a +0 giant spiked club (85% to hit)
The zap misses the ogre.
Your extra speed is starting to run out.
Aiming: Shock (safe; 9% risk of failure)
Press: ? - help, Q - select action Shift-Dir - straight line, f/p - ogre
Aim: an ogre, wielding a +0 giant spiked club (85% to hit)
The zap hits the ogre.
The ogre is lightly wounded.
Aiming: Shock (safe; 9% risk of failure)
Press: ? - help, Q - select action Shift-Dir - straight line, f/p - ogre
Aim: an ogre, wielding a +0 giant spiked club (lightly wounded, 85% to hit)
The zap hits the ogre.
The ogre is lightly wounded.
Aiming: Shock (safe; 9% risk of failure)
Press: ? - help, Q - select action Shift-Dir - straight line, f/p - ogre
Aim: an ogre, wielding a +0 giant spiked club (lightly wounded, 85% to hit)
The zap hits the ogre.
The ogre is lightly wounded.
Unknown command.
As you read the scroll labelled TYGOBB UQINN, it crumbles to dust.
The scroll dissolves into smoke.
It was a scroll of fog.
As you read the scroll labelled HYSERO KAUSE, it crumbles to dust.
You hear a loud clanging noise!
It was a scroll of noise.
You aren't carrying any scrolls.
You feel as though your hastened speed will last longer.
It was a potion of attraction.
You feel attractive to monsters.
Really quaff the potion of lignification?
You turn into a tree.
Your +0 pair of gloves melds into your body.
Your +0 robe melds into your body.
Your roots penetrate the ground.
You barely miss the ogre.
The ogre is lightly wounded.
The ogre barely misses you.
You hit the ogre but do no damage.
The ogre is lightly wounded.
The ogre hits you with a +0 giant spiked club!
Ouch! That really hurt!
You die...

.... #..# .... ..# ..#
############## #.#
#.......§§§§§# #.# ##
#.......§§♣§§# #>#...
#.......§O§§§#
##.####.#.##
#.......§§§§§#
............
#.....$......#
.#.####.#.##
#............# #.#.#
#............# #.# .
####'#.####### #.####
#.#.###############....#
#.#...............'O...#


You could see an ogre.

Vanquished Creatures
  A dart slug (D:4)
  2 ball pythons (D:1)
  An endoplasm (D:1)
  2 giant cockroaches (D:1)
  4 goblins (D:1)
  A bat (D:1)
  A kobold (D:1)
  2 rats (D:1)
14 creatures vanquished.

Notes
Turn   | Place    | Note
-------+----------+-------------------------------------------
     0 | D:1      | Newt the Vine Stalker Air Elementalist began the quest for
                  | the Orb.
     0 | D:1      | Reached XP level 1. HP: 9/9 MP: 4/4
   456 | D:1      | Reached XP level 2. HP: 4/14 MP: 0/6
   973 | D:1      | Found a faded altar of an unknown god.
  1379 | D:2      | Noticed Sigmund
  1379 | D:2      | You fall into a shaft and drop 2 floors!
  1397 | D:4      | Noticed an ogre
  1426 | D:5      | Entered Level 5 of the Dungeon
  1459 | D:5      | Noticed Blork the orc
  1534 | D:4      | Slain by an ogre

Illustrated notes

Levels and vault maps discovered:
D:1:      lordsloth_arrival_two_stooges, layout_loops_ring,
          ebering_ecumenical_altar_box
D:2:      layout_loops_ring, serial_shops, nicolae_shop_window_shopping, shop,
          shop, nicolae_lakefront_shop, shop, uniq_sigmund, uniq_robin
D:4:      layout_basic, kennysheep_generic_room_15
D:5:      layout_gridville, nicolae_qazlal_eye_of_the_storm,
          hangedman_decor_points, uniq_edmund, uniq_blork_the_orc,
          uniq_prince_ribbit1

Action                   || total
-------------------------++-------
Melee: Unarmed           ||     8
       Bite              ||     7
       Staff             ||    10
 Cast: Shock             ||    30
  Use: Scroll            ||     5
       Potion            ||     5
Armor: Robe              ||     6
Dodge: Dodged            ||    28

Table legend: (Time is in decaauts)
 A = Elapsed time spent in this place.
 B = Non-inter-level travel time spent in this place.
 C = Inter-level travel time spent in this place.
 D = Time resting spent in this place.
 E = Time spent auto-exploring this place.
 F = Levels seen in this place.
 G = Mean time per level.
                   A        B        C        D        E       F      G
               +--------+--------+--------+--------+--------+-----+--------+
         Total |   1517 |   1391 |    126 |    367 |    776 |   4 |  379.2 |
       Dungeon |   1517 |   1391 |    126 |    367 |    776 |   4 |  379.2 |
               +--------+--------+--------+--------+--------+-----+--------+

Top non-repeatable levels by time:
     D:1: 1379 daAuts
     D:4: 88 daAuts
     D:5: 49 daAuts
